 Dungeon Crawl Stone Soup version 0.25.0-9-g26727b657a (webtiles) character file.

Game seed: 2775193180331287922

2 mopl the Digger (level 1, -2/11 HPs)
             Began as an Octopode Earth Elementalist on June 16, 2020.
             Slain by a jackal (3 damage)
             ... on level 1 of the Dungeon.
             The game lasted 00:00:18 (86 turns).

mopl the Digger (Octopode Earth Elementalist)         Turns: 86, Time: 00:00:19

Health: -2/11      AC:  1    Str:  7    XL:     1   Next: 30%
Magic:  3/3        EV: 13    Int: 17    God:
Gold:   20         SH:  0    Dex: 12    Spells: 3/4 levels left

rFire    . . .     SeeInvis .   g - +0 dagger
rCold    . . .     Gourm    .   (no shield)
rNeg     . . .     Faith    .   (helmet restricted)
rPois    .         Spirit   .   (no amulet)
rElec    .         Reflect  .   (no ring)
rCorr    .         Harm     .   (no ring)
MR       .....                  (no ring)
Stlth    +++.......             (no ring)
HPRegen  0.03/turn              (no ring)
MPRegen  0.08/turn              (no ring)
                                (no ring)
                                (no ring)

@: no status effects
A: almost no armour, stealthy swim, amphibious, 8 rings, constrict 8, camouflage
1, gelatinous body 1
a: no special abilities


You were on level 1 of the Dungeon.
You were not hungry.

You visited 1 branch of the dungeon, and saw 1 of its levels.

You collected 20 gold pieces.

Inventory:

Hand Weapons
 g - a +0 dagger (weapon)
Missiles
 b - 30 stones (quivered)
Scrolls
 a - 3 scrolls of enchant weapon {unknown}
 d - a scroll of enchant armour {unknown}
 i - a scroll of blinking {unknown}
Potions
 e - a potion of stabbing {unknown}
 f - a potion of berserk rage {unknown}
Comestibles
 c - a ration
 h - 3 chunks of flesh


   Skills:
 - Level 2.0 Dodging
 + Level 2.7 Stealth
 * Level 2.0 Spellcasting
   Level 1.0 Transmutations
 * Level 3.0 Earth Magic


You had 3 spell levels left.
You knew the following spells:

 Your Spells              Type           Power        Failure   Level  Hunger
a - Sandblast             Erth           ##....       5%          1    #......

Your spell library contained the following spells:

 Spells                   Type           Power        Failure   Level  Hunger
 Passwall                 Tmut/Erth      #.......     13%         2    ###....
 Stone Arrow              Conj/Erth      #.....       30%         3    ###....
 Petrify                  Tmut/Erth      #.......     63%         4    #####..
 Lee's Rapid Deconstruct  Erth           ##........   83%         5    ######.


Dungeon Overview and Level Annotations

Branches:
Dungeon (1/15)

Altars:


Innate Abilities, Weirdness & Mutations

You cannot wear most types of armour.
You are very stealthy in the water. (Stealth+)
You are amphibious.
You can wear up to eight rings at the same time.
You can use your tentacles to constrict eight enemies at once.
Your skin changes colour to match your surroundings (Stealth+).
Your rubbery body absorbs attacks. (AC +1, EV +1)


Message History

You constrict the jackal, but do no damage.
The jackal bites you but does no damage. x2
The jackal barely misses you.
You hit the jackal but do no damage. Your grab misses the jackal.
You constrict the jackal, but do no damage.
The jackal closely misses you. x2; The jackal bites you.
You barely miss the jackal. You grab the jackal. You constrict the jackal.
You constrict the jackal, but do no damage.
The jackal bites you. The jackal completely misses you. The jackal bites you.
You barely miss the jackal.
You constrict the jackal, but do no damage.
You constrict the jackal. The jackal bites you. x2
* * * LOW HITPOINT WARNING * * *
You hit the jackal but do no damage.
The jackal is moderately wounded.
You constrict the jackal, but do no damage. x2
The jackal bites you.
* * * LOW HITPOINT WARNING * * *
The jackal bites you.
You die...

....##.......#
....###.....## .....
....# ###+### ....#
...## ##.## ....# ...#
###...### ....#
..####.......### ....#
..##...........##....#
.#.....##........#...#
.......##.#.....@hg..#
.......##.#......h...[..
####...+..#####..###.###
#..รท#### #...# # #...#
#.#.# #...# #.#..# #...#
#.##.. #...# #. .. #...#


You could see 2 jackals and a hobgoblin.

Vanquished Creatures
  A hobgoblin (D:1)
  A rat (D:1)
2 creatures vanquished.

Notes
Turn   | Place    | Note
-------+----------+-------------------------------------------
     0 | D:1      | mopl the Octopode Earth Elementalist began the quest for
                  | the Orb.
     0 | D:1      | Reached XP level 1. HP: 11/11 MP: 3/3
    86 | D:1      | Slain by a jackal

Illustrated notes

Levels and vault maps discovered:
D:1:      onia_arrival_pentagram, layout_basic

Action                   || total
-------------------------++-------
Melee: Dagger            ||     8
       Constrict         ||     2
 Stab: Sleeping          ||     1
Armor: Skin              ||     2
Dodge: Dodged            ||     8
